 Dungeon Crawl Stone Soup version 0.29-a0-901-g46a8461d6a (webtiles) character file.

Game seed: 7462863661685208314

42 gruber the Digger (level 3, -2/19 HPs)
             Began as a Gargoyle Earth Elementalist on July 23, 2022.
             Slain by a scorpion (5 damage)
             ... on level 3 of the Dungeon.
             The game lasted 00:01:11 (1756 turns).

gruber the Digger (Gargoyle Earth Elementalist)     Turns: 1756, Time: 00:01:12

Health: -2/19      AC:  6    Str: 11    XL:     3   Next: 54%
Magic:  13/16      EV: 11    Int: 17    God:
Gold:   103        SH:  0    Dex: 10    Spells: 6/7 levels left

rFire   . . .      SeeInvis .   (no weapon)
rCold   . . .      Faith    .   (no shield)
rNeg    + . .      Spirit   .   a - +0 robe
rPois   ∞          Reflect  .   (no helmet)
rElec   +          Harm     .   f - +0 cloak
rCorr   .          Rampage  .   (no gloves)
Will    .....                   (no boots)
Stlth   ++........              (no amulet)
HPRegen 0.06/turn               l - ring of magical power
MPRegen 0.15/turn               (no ring)

@: no status effects
A: sickness immunity, AC +3, negative energy resistance 1, electricity
resistance, torment resistance 1, petrification resistance
a: no special abilities


You were on level 3 of the Dungeon.
You visited 1 branch of the dungeon, and saw 3 of its levels.

You collected 103 gold pieces.

Inventory:

Armour
 a - a +0 robe (worn)
 f - a +0 cloak (worn)
Jewellery
 l - a ring of magical power (left hand)
Wands
 p - a wand of roots (5)
Scrolls
 d - 4 scrolls of identify {unknown}
 e - 2 scrolls of teleportation {unknown}
 i - 2 scrolls of enchant weapon {unknown}
 j - 2 scrolls of vulnerability {unknown}
 k - a scroll of immolation {unknown}
Potions
 b - a potion of magic
 c - a potion of attraction {unknown}
 g - a potion of invisibility {unknown}
 h - a potion of berserk rage {unknown}
 m - 2 potions of lignification {unknown}
 n - a potion of curing {unknown}
 o - a potion of brilliance {unknown}


   Skills:
 - Level 1.5 Dodging
 - Level 2.1 Stealth
 + Level 2.8 Spellcasting
 - Level 0.7 Transmutations
 + Level 4.7 Earth Magic


You had 6 spell levels left.
You knew the following spells:

 Your Spells              Type           Power      Damage    Failure   Level
a - Sandblast             Erth           36%        2d10      2%          1

Your spell library contained the following spells:

 Spells                   Type           Power      Damage    Failure   Level
 Passwall                 Tmut/Erth      9%         N/A       9%          2
 Shock                    Conj/Air       8%         1d3       19%         1
 Stone Arrow              Conj/Erth      20%        3d8       21%         3
 Swiftness                Air            2%         N/A       47%         3
 Petrify                  Tmut/Erth      11%        N/A       52%         4
 Airstrike                Air            1%         0-2+      87%         4


Dungeon Overview and Level Annotations

Branches:
Dungeon (3/15)

Altars:
Fedhas

Shops:
D:1 *


Innate Abilities, Weirdness & Mutations

You are immune to sickness and miasma.
Your stone body is resilient. (AC +3)
You are immune to poison.
You resist negative energy. (rN+)
You are resistant to electric shocks. (rElec)
You are resistant to unholy torment.
You are immune to petrification.


Message History

The orc shouts!
You hear a shout!
The orc moves out of view.
An orc comes into view. It is wielding a +0 morningstar.
The blast of sand misses the scorpion.
The orc shouts!
The orc wizard shouts!
The blast of sand misses the scorpion.
The scorpion stings you but does no damage.
An orc comes into view. It is wielding a +0 hand axe.
The scorpion stings you but does no damage.
The blast of sand hits the scorpion!
The scorpion is moderately wounded.
The scorpion stings you. The scorpion closely misses you.
The scorpion stings you.
The orc wizard mumbles some strange words.
The orc wizard flickers and vanishes!
Deactivating autopickup; reactivate with Ctrl-A.
The scorpion attacks as you move away! The scorpion stings you.
The scorpion barely misses you. The scorpion attacks as you move away!
The scorpion closely misses you.
You are too injured to fight recklessly!
You are too injured to fight recklessly!
You are too injured to fight recklessly!
Casting: Sandblast (safe; 2% risk of failure)
Confirm with . or Enter, or press ? or * to list all spells.
Aiming: Sandblast (safe; 2% risk of failure)
Press: ? - help, Shift-Dir - straight line, f/p - scorpion
Aim: a scorpion (moderately wounded, 79% to hit)
The blast of sand misses the scorpion.
The blast of sand hits something.
The scorpion stings you. x2
* * * LOW HITPOINT WARNING * * *
Unknown command.
Casting: Sandblast (safe; 2% risk of failure)
Confirm with . or Enter, or press ? or * to list all spells.
Aiming: Sandblast (safe; 2% risk of failure)
Press: ? - help, Shift-Dir - straight line, f/p - scorpion
Aim: a scorpion (moderately wounded, 79% to hit)
The blast of sand hits the scorpion but does no damage.
The scorpion is moderately wounded.
The scorpion stings you.
You die...

.... ....#.....#......... .
#... #..##...##..#.#...#
..##...###....._.....#.#...#
.?.....#.#..##...##..#.#...#
.....o.#.#..#.....#....#...#
#..oo......#.#...........
.####.#.##..##.##...###...#
.......o###.........###†..#
.####.#o.s@.......#........
...######..##...[.......
#### #..##.######.#.#
..###.# #.#.# .# #. #....
##.####.#.# ...........
#######.### ### #


You could see a scorpion and 2 orcs.

Vanquished Creatures
  A dart slug (D:2)
  3 ball pythons
  6 endoplasms
  3 giant cockroaches (D:1)
  A goblin (D:1)
  3 hobgoblins
  12 kobolds
  2 quokkas (D:2)
  3 bats
  3 rats
37 creatures vanquished.

Notes
Turn   | Place    | Note
-------+----------+-------------------------------------------
     0 | D:1      | gruber the Gargoyle Earth Elementalist began the quest for
                  | the Orb.
     0 | D:1      | Reached XP level 1. HP: 10/10 MP: 3/3
   354 | D:1      | Reached skill level 4 in Earth Magic
   370 | D:1      | Reached XP level 2. HP: 15/15 MP: 3/5
   778 | D:1      | Found Xith's General Store.
  1027 | D:2      | Reached XP level 3. HP: 19/19 MP: 3/6
  1622 | D:3      | Found a blossoming altar of Fedhas.
  1743 | D:3      | Noticed a scorpion
  1756 | D:3      | Slain by a scorpion

Illustrated notes

Levels and vault maps discovered:
D:1:      psy_arrival_basics, layout_basic, serial_shops,
          nicolae_shop_waterfront
D:2:      minmay_kobold_bridge, layout_rooms
D:3:      layout_basic, mainiacjoe_overflow_small_starburst,
          basic_ecumenical_altar

Skill      XL: |  1 |
---------------+----+-----
Earth Magic    | 4 |  4.7
Dodging        | |  1.5
Stealth        | |  2.1
Spellcasting   | |  2.8
Transmutations | |  0.7

Action                   || total
-------------------------++-------
Melee: Unarmed           ||     1
 Cast: Sandblast         ||    53
Armor: Robe              ||    10
Dodge: Dodged            ||    19

Table legend: (Time is in decaauts)
 A = Elapsed time spent in this place.
 B = Non-inter-level travel time spent in this place.
 C = Inter-level travel time spent in this place.
 D = Time resting spent in this place.
 E = Time spent auto-exploring this place.
 F = Levels seen in this place.
 G = Mean time per level.
                   A        B        C        D        E       F      G
               +--------+--------+--------+--------+--------+-----+--------+
         Total |   1809 |   1772 |     37 |      0 |   1538 |   3 |  603.0 |
       Dungeon |   1809 |   1772 |     37 |      0 |   1538 |   3 |  603.0 |
               +--------+--------+--------+--------+--------+-----+--------+

Top non-repeatable levels by time:
     D:1: 1009 daAuts
     D:2: 606 daAuts
     D:3: 193 daAuts
